 Dungeon Crawl Stone Soup version 0.28-a0-674-gdaf460b524 (webtiles) character file.

Game seed: 7517810009538342723

10042 fomalhaut the Covert (level 11, -11/67 (71) HPs)
             Began as an Octopode Transmuter on Oct 18, 2021.
             Was a Priest of Ru.
             Mangled by an orc warlord (35 damage)
             ... on level 2 of the Orcish Mines.
             The game lasted 00:54:28 (10250 turns).

fomalhaut the Covert (Octopode Transmuter)         Turns: 10250, Time: 00:54:29

HP:   -11/67 (71)   AC:  1    Str: 11    XL:     11   Next: 55%
MP:   13/17         EV: 24    Int: 17    God:    Ru [***...]
Gold: 561           SH:  0    Dex: 13    Spells: 6/21 levels left

rFire   + . .      SeeInvis .     - Unarmed
rCold   . . .      Faith    .   (helmet currently unavailable)
rNeg    . . .      Spirit   .   d - amulet of regeneration
rPois   .          Reflect  .   c - +4 ring of evasion
rElec   .          Harm     .   e - +4 ring of evasion
rCorr   .          Rampage  .   m - ring of wizardry
Will    .....                   k - ring of protection from fire
Stlth   +++++.....              (no ring)
HPRegen 1.21/turn               (no ring)
MPRegen 0.15/turn               (no ring)

@: exhausted, appendages (expiring), drained
A: tentacle spike 3, almost no armour, amphibious, 7 rings, camouflage 1, low mp
1, gelatinous body 1, missing a hand, (nimble swimmer 1), tentacles
a: End Transformation, Renounce Religion, Draw Out Power


You were on level 2 of the Orcish Mines.
You worshipped Ru.
Ru was most pleased with you.
One of your tentacles had grown a beastly spike.
You visited 3 branches of the dungeon, and saw 13 of its levels.

You collected 561 gold pieces.

Inventory:

Hand Weapons
 h - the +8 whip of the Boiling Point {vorpal, Str+3}
   (You found it on level 6 of the Dungeon)

   It inflicts extra damage upon your enemies.
   Str:       It affects your strength (+3).
 r - the +7 hunting sling "Trog's Outrage" {flame, rC++ Int-3 SInv Stlth-}
   (You found it on level 5 of the Dungeon)

   Any ammunition fired from it burns those it strikes, dealing additional fire
   damage.
   Int:       It affects your intelligence (-3).
   rC:        It greatly protects you from cold.
   SInv:      It lets you see invisible.
   Stlth:     It makes you less stealthy.
Missiles
 i - 113 stones
 o - a throwing net
 s - 12 sling bullets
Jewellery
 c - a +4 ring of evasion (left tentacle)
 d - an amulet of regeneration (around mantle)
 e - a +4 ring of evasion (right tentacle)
 k - a ring of protection from fire (on tentacle)
 m - a ring of wizardry (on tentacle)
Wands
 t - a wand of iceblast (11)
 v - a wand of mindburst (17)
Scrolls
 f - 2 scrolls of fear
 x - 2 scrolls of magic mapping
Potions
 a - a potion of brilliance
 g - 2 potions of heal wounds
 j - 3 potions of flight
 l - 2 potions of attraction
 n - a potion of cancellation
 p - a potion of haste
 q - a potion of lignification
 u - a potion of curing


   Skills:
 - Level 5.1 Fighting
 - Level 5.2 Slings
 + Level 7.4 Dodging
 - Level 10.0 Stealth
 + Level 7.8 Unarmed Combat
 + Level 5.7 Spellcasting
 + Level 5.7 Transmutations
 - Level 5.1 Ice Magic
 - Level 5.1 Poison Magic


You had 6 spell levels left.
You knew the following spells:

 Your Spells              Type           Power      Damage    Failure   Level
a - Beastly Appendage     Tmut           48%        N/A       1%          1
b - Wereblood             Tmut           24%        N/A       1%          2
c - Spider Form           Tmut/Pois      11%        N/A       1%          3
d - Ice Form              Ice/Tmut       23%        N/A       6%          4
e - Alistair's Intoxicat  Tmut/Pois      15%        N/A       16%         5

Your spell library contained the following spells:

 Spells                   Type           Power      Damage    Failure   Level
 Animate Skeleton         Necr           8%         N/A       5%          1
 Apportation              Tloc           8%         N/A       5%          1
 Summon Small Mammal      Summ           16%        N/A       5%          1
 Leda's Liquefaction      Hex/Erth       2%         N/A       45%         4
 Freezing Cloud           Conj/Ice/Air   5%         6-21      54%         5
 Eringya's Noxious Bog    Tmut/Pois      11%        N/A       61%         6
 Borgnjor's Vile Clutch   Necr/Erth      2%         N/A       78%         5
 Fireball                 Conj/Fire      2%         3d4       78%         5
 Lee's Rapid Deconstruct  Erth           2%         3d5*      78%         5
 Statue Form              Tmut/Erth      9%         N/A       91%         6
 Simulacrum               Ice/Necr       6%         N/A       93%         6
 Starburst                Conj/Fire      2%         6d3       100%        6
 Ignition                 Fire           2%         3d3       100%        8
 Polar Vortex             Ice            11%        N/A       100%        9


Dungeon Overview and Level Annotations

Branches:
Dungeon (10/15)            Temple (1/1) D:6            Lair (0/6) D:10
    Orc (2/2) D:10            Elf (0/3) Orc:2

Altars:
Ashenzari
Cheibriados
Dithmenos
Elyvilon
Fedhas
Gozag
Hepliaklqana
Kikubaaqudgha
Makhleb
Nemelex Xobeh
Okawaru
Qazlal
Ru
Sif Muna
Trog
Uskayaw
Vehumet
Wu Jian
Xom
Yredelemnul
Zin
The Shining One

Shops:
D:4 [*[*

Annotations:
Orc:2 Erolcha


Innate Abilities, Weirdness & Mutations

One of your tentacles has grown a beastly spike.
You cannot wear most types of armour.
You are amphibious.
You can wear up to seven rings at the same time.
Your skin changes colour to match your surroundings (Stealth+).
Your magical capacity is low. (-10% MP)
Your rubbery body absorbs attacks. (AC +1, EV +1)
You are missing a hand.
((You are camouflaged near water. (Stealth+)))
You have tentacles for arms and can constrict up to seven enemies at once.


Message History

The orc warlord roars a battlecry!
You hear a shout!
You tentacle-slap the orc warlord. You grab the orc warlord.
You squeeze the orc warlord, but do no damage.
The orc warlord is moderately wounded.
Your transformation is almost over.
You constrict the orc warlord, but do no damage.
The orc warlord hits you with a +2 great sword!!
* * * LOW HITPOINT WARNING * * *
You tentacle-slap the orc warlord.
The orc warlord is moderately wounded.
You constrict the orc warlord, but do no damage.
An orc comes into view. It is wielding a +0 falchion.
The orc warlord roars a battlecry!
The orc goes into a battle-frenzy!
The orc shouts!
You tentacle-slap the orc warlord.
The orc warlord is moderately wounded.
You constrict the orc warlord, but do no damage.
The orc warlord struggles to escape constriction.
You tentacle-slap the orc warlord.
The orc warlord is moderately wounded.
You constrict the orc warlord.
You tentacle-slap the orc warlord but do no damage.
The orc warlord is heavily wounded.
You constrict the orc warlord.
The orc warlord roars a battlecry!
You tentacle-slap the orc warlord.
You pierce the orc warlord, but do no damage.
You squeeze the orc warlord, but do no damage.
The orc warlord is heavily wounded.
You constrict the orc warlord.
The orc warlord hits you with a +2 great sword!!
* * * LOW HITPOINT WARNING * * *
Okay, then.
You are restored by drawing out deep reserves of power within.
You feel drained.
You constrict the orc warlord.
The orc warlord hits you with a +2 great sword!!
Ouch! That really hurt!
You die...

..... .......#.
.....##......o.
.............#.
...............
..........o.....
.........o......
#........o.......
#..#....@........
..##............
................
..#.............
. #....#........
##....#.......
#..<.........
..............#..
.................


You could see an orc warlord, an orc warrior (strong) and 2 orcs.

Vanquished Creatures
  3 two-headed ogres
  Pikel (D:6)
  Maggie (D:7)
  2 wyverns (D:9)
  3 yaks (D:9)
  Eustachio (D:4)
  4 vampire mosquitoes (D:10)
  A warg (Orc:1)
  6 orc warriors
  3 black bears
  2 sky beasts
  A hornet zombie (D:6)
  3 ice beasts
  3 necrophages
  4 ogres
  A phantom (D:6)
  7 centaurs
  A lemure (D:6)
  A gnoll sergeant (D:10)
  5 kobold brigands
  A wyvern zombie (D:6)
  3 bullfrogs
  A water moccasin zombie (D:7)
  5 scorpions
  A wyvern skeleton (D:5)
  14 killer bees
  3 wights (D:6)
  4 howler monkeys
  7 centaur zombies
  A bullfrog zombie (D:5)
  Crazy Yiuf (D:6)
  3 centaur skeletons
  2 orc priests
  A bullfrog skeleton (D:5)
  2 iguanas
  9 orc wizards
  A killer bee zombie (D:5)
  A hound zombie (D:5)
  6 adders
  4 gnolls (D:10)
  A shadow imp (D:6)
  2 adder skeletons (D:4)
  2 worms
  2 dart slugs
  18 orcs
  3 endoplasms
  5 giant cockroaches
  3 goblins
  5 hobgoblins
  8 jackals
  6 quokkas
  8 ball pythons
  9 bats
  2 frilled lizards (D:2)
  21 kobolds
  5 rats
223 creatures vanquished.

Vanquished Creatures (others)
  An orc (D:10)
  16 fungi (D:10)
  18 plants (D:10)
35 creatures vanquished.

Grand Total: 258 creatures vanquished

Notes
Turn   | Place    | Note
-------+----------+-------------------------------------------
     0 | D:1      | fomalhaut the Octopode Transmuter began the quest for the
                  | Orb.
     0 | D:1      | Reached XP level 1. HP: 13/13 MP: 3/3
   296 | D:1      | Reached XP level 2. HP: 14/18 MP: 3/5
   989 | D:1      | Reached XP level 3. HP: 19/23 MP: 6/6
   989 | D:1      | Found a faded altar of an unknown god.
  1612 | D:2      | Found a radiant altar of Vehumet.
  2341 | D:3      | Reached XP level 4. HP: 28/29 MP: 5/7
  2453 | D:3      | Found an opulent altar of Gozag.
  2453 | D:3      | Found an ancient bone altar of Kikubaaqudgha.
  2453 | D:3      | Found a sparkling altar of Nemelex Xobeh.
  2952 | D:3      | Noticed a necrophage
  2978 | D:3      | Killed a necrophage
  2979 | D:3      | Reached XP level 5. HP: 26/34 MP: 4/9
  2982 | D:3      | Learned a level 2 spell: Wereblood
  2986 | D:3      | Learned a level 3 spell: Spider Form
  3233 | D:4      | Noticed a sky beast
  3287 | D:4      | Found Maihutie's General Store.
  3343 | D:4      | Reached XP level 6. HP: 37/41 MP: 7/10
  3355 | D:4      | Killed a sky beast
  3403 | D:4      | Found Juajirost's Armour Boutique.
  3488 | D:4      | Noticed Eustachio
  3499 | D:4      | Found a bloodstained altar of Trog.
  3521 | D:4      | Killed Eustachio
  3522 | D:4      | Reached XP level 7. HP: 40/46 MP: 9/12
  3578 | D:4      | Found Reir's Assorted Antiques.
  3704 | D:4      | Found Posigoha's Armour Boutique.
  3866 | D:4      | Learned a level 4 spell: Ice Form
  3874 | D:5      | Entered Level 5 of the Dungeon
  4155 | D:5      | Reached skill level 1 in Stealth
  4155 | D:5      | Reached skill level 1 in Poison Magic
  4346 | D:5      | Reached XP level 8. HP: 54/54 MP: 11/14
  4353 | D:5      | Identified the +7 hunting sling "Trog's Outrage" {flame,
                  | rC++ Int-3 SInv Stlth-}
  4430 | D:5      | Reached skill level 2 in Stealth
  4430 | D:5      | Reached skill level 5 in Unarmed Combat
  4539 | D:5      | Reached skill level 3 in Stealth
  4951 | D:6      | Noticed Pikel
  4965 | D:6      | Found a staircase to the Ecumenical Temple.
  5020 | D:6      | Killed Pikel
  5021 | D:6      | Reached skill level 5 in Fighting
  5021 | D:6      | Reached skill level 5 in Stealth
  5021 | D:6      | Reached skill level 5 in Spellcasting
  5021 | D:6      | Reached XP level 9. HP: 32/61 MP: 14/16
  5138 | D:6      | Reached skill level 1 in Slings
  5138 | D:6      | Reached skill level 1 in Ice Magic
  5145 | D:6      | Identified the +8 whip of the Boiling Point {vorpal, Str+3}
  5242 | D:6      | Reached skill level 6 in Stealth
  5315 | Temple   | Entered the Ecumenical Temple
  5464 | Temple   | Became a worshipper of Ru the Awakened
  5762 | D:6      | Learned a level 5 spell: Alistair's Intoxication
  5858 | D:6      | Found a runed translucent door.
  5859 | D:6      | Noticed Crazy Yiuf
  5868 | D:6      | Killed Crazy Yiuf
  5937 | D:7      | Reached skill level 5 in Dodging
  5938 | D:7      | Found a burning altar of Makhleb.
  5941 | D:7      | Noticed an Executioner
  5942 | D:7      | Found a glowing silver altar of Zin.
  5943 | D:7      | Noticed an angel
  5994 | D:7      | Noticed Maggie
  5998 | D:7      | Noticed a two-headed ogre
  6005 | D:7      | Reached XP level 10. HP: 21/66 MP: 15/17
  6006 | D:7      | Reached skill level 7 in Stealth
  6291 | D:7      | Killed Maggie
  7177 | D:8      | Noticed a two-headed ogre
  7193 | D:7      | Killed a two-headed ogre
  7201 | D:8      | Killed a two-headed ogre
  7202 | D:8      | Reached skill level 8 in Stealth
  7202 | D:8      | Reached skill level 5 in Poison Magic
  7272 | D:8      | Gained mutation: Your magical capacity is low. (-10% MP)
                  | [Ru sacrifice]
  8524 | D:9      | Reached skill level 5 in Slings
  8529 | D:9      | Reached skill level 9 in Stealth
  8529 | D:9      | Reached skill level 5 in Ice Magic
  8541 | D:9      | Reached XP level 11. HP: 69/71 MP: 16/16
  8609 | D:9      | Noticed a boulder beetle
  9034 | D:10     | Entered Level 10 of the Dungeon
  9062 | D:10     | Noticed a two-headed ogre
  9089 | D:10     | Killed a two-headed ogre
  9090 | D:10     | Reached skill level 5 in Transmutations
  9496 | D:10     | Found a staircase to the Lair.
  9594 | D:10     | Found a staircase to the Orcish Mines.
  9693 | D:10     | Gained mutation: You are missing a hand. [Ru sacrifice]
  9693 | D:10     | Reached * piety under Ru
  9693 | D:10     | Reached ** piety under Ru
  9693 | D:10     | Reached *** piety under Ru
  9850 | D:10     | Reached skill level 10 in Stealth
 10016 | Orc:1    | Entered Level 1 of the Orcish Mines
 10189 | Orc:2    | Entered Level 2 of the Orcish Mines
 10189 | Orc:2    | Noticed Erolcha
 10189 | Orc:2    | Found a staircase to the Elven Halls.
 10221 | Orc:1    | Noticed an orc warlord
 10250 | Orc:2    | Mangled by an orc warlord

Illustrated notes

Levels and vault maps discovered:
D:1:      minmay_arrival_doors, layout_loops_ring,
          shapermc_ecumenical_altar_notcrosses, chequers_mini_garden
D:2:      layout_loops_ring, basic_altar, minmay_misc_feat_tiny
D:3:      layout_loops_ring, gammafunk_temple_overflow_claw
D:4:      layout_loops_cross, old_standard_altar, serial_shops,
          kennysheep_little_box, nicolae_lakefront_shop, nicolae_lakefront_shop,
          shop_statue, corexii_leaking_fountain, uniq_eustachio
D:5:      layout_loops_corners
D:6:      layout_loops_ring, minmay_temple_entry_glassed_door, uniq_pikel,
          uniq_crazy_yiuf_cottage
D:7:      layout_rooms, grunt_temple_overflow_order_and_chaos_2, uniq_maggie
D:8:      layout_basic
D:9:      layout_irregular_city, hangedman_decor_opposing
D:10:     layout_stronghold, grunt_lair_entry_orc_guard_hut, orc_0_dummy
Temple:   nicolae_temple_elliptical
Orc:1:    orc_temple, layout_caves, serial_shops
Orc:2:    st_orc_ogre_mass, layout_caves, uniq_erolcha

Skill      XL: |  1  2  3  4  5  6  7  8  9 10 11 |
---------------+----------------------------------+-----
Fighting       | 2 3 5 |  5.1
Dodging        | 3 4 5 6 7 |  7.4
Transmutations | 3 4 5 |  5.7
Spellcasting   | 3 4 5 |  5.7
Unarmed Combat | 4 5 6 7 |  7.8
Stealth        | 1 5 6 9 10 | 10.0
Poison Magic   | 1 4 5 |  5.1
Slings         | 3 5 |  5.2
Ice Magic      | 3 5 |  5.1

Action                   |  1- 3 |  4- 6 |  7- 9 | 10-12 || total
-------------------------+-------+-------+-------+-------++-------
Melee: Unarmed           |    94 |    79 |   279 |   382 ||   834
       Tentacles         |    19 |    10 |    48 |    88 ||   165
       Constrict         |    24 |    19 |    42 |    52 ||   137
       Kick              |     7 |    13 |    57 |    97 ||   174
       Punch             |     2 |     1 |    16 |    25 ||    44
 Fire: Hunting sling     |       |       |     6 |    23 ||    29
 Cast: Beastly Appendage |    10 |     6 |    25 |    29 ||    70
       Wereblood         |       |     2 |     5 |    13 ||    20
       Spider Form       |       |       |     1 |       ||     1
       Ice Form          |       |       |       |     1 ||     1
       Alistair's Intoxi |       |       |       |     2 ||     2
Invok: Sacrifice Essence |       |       |       |     1 ||     1
       Draw Out Power    |       |       |       |     1 ||     1
       Sacrifice a Hand  |       |       |       |     1 ||     1
  Use: Scroll            |     1 |     2 |    12 |     5 ||    20
       Potion            |       |       |       |     4 ||     4
 Stab: Sleeping          |    12 |     4 |     9 |     3 ||    28
       Distracted        |       |       |       |     3 ||     3
       Invisible         |       |       |       |     2 ||     2
Armor: Skin              |     5 |    10 |     6 |    19 ||    40
Dodge: Dodged            |    67 |    90 |   298 |   503 ||   958

Table legend: (Time is in decaauts)
 A = Elapsed time spent in this place.
 B = Non-inter-level travel time spent in this place.
 C = Inter-level travel time spent in this place.
 D = Time resting spent in this place.
 E = Time spent auto-exploring this place.
 F = Levels seen in this place.
 G = Mean time per level.
                   A        B        C        D        E       F      G
               +--------+--------+--------+--------+--------+-----+--------+
         Total |  10133 |   9487 |    646 |      0 |   6540 |  13 |  779.5 |
       Dungeon |   9729 |   9135 |    594 |      0 |   6265 |  10 |  972.9 |
        Temple |    171 |    139 |     32 |      0 |    121 |   1 |  171.0 |
  Orcish Mines |    231 |    211 |     20 |      0 |    154 |   2 |  115.5 |
               +--------+--------+--------+--------+--------+-----+--------+

Top non-repeatable levels by time:
     D:1: 1431 daAuts
     D:8: 1104 daAuts
     D:5: 1042 daAuts
    D:10: 959 daAuts
     D:7: 957 daAuts
     D:6: 952 daAuts
     D:2: 873 daAuts
     D:9: 853 daAuts
     D:3: 833 daAuts
     D:4: 722 daAuts
   Orc:1: 215 daAuts
  Temple: 171 daAuts
   Orc:2: 15 daAuts
